 Dungeon Crawl Stone Soup version 0.21-a0-591-g2314aa1 (webtiles) character file.

6715 theanonym the Cleaver (level 10, -3/85 HPs)
             Began as a Mummy Fighter on Dec 23, 2017.
             Was a Follower of Ashenzari.
             Slain by a troll (5 damage)
             ... on level 10 of the Dungeon.
             The game lasted 00:28:22 (12122 turns).

theanonym the Cleaver (Mummy Fighter)              Turns: 12122, Time: 00:28:23

Health: -3/85      AC: 10    Str: 22    XL:     10   Next: 74%
Magic:  0/10       EV:  7    Int:  8    God:    Ashenzari [*.....]
Gold:   426        SH: 10    Dex: 12    Spells: 8/9 levels left

rFire    . . .     SeeInvis .   a - +4 broad axe
rCold    + . .     Gourm    .   c - +1 shield (curse)
rNeg     + + +     Faith    .   h - +3 scale mail {rF+} {10}
rPois    ∞         Spirit   +   n - +0 helmet
rElec    .         Reflect  .   (no cloak)
rCorr    .         Harm     .   (no gloves)
MR       +....                  (no boots)
Stlth    +.........             g - amulet of guardian spirit (curse) {Spirit}
HPRegen  0.24/turn              k - ring of stealth {Stlth+}
MPRegen  0.12/turn              (no ring)

@: no status effects
A: no food or potions, fire vulnerability, cold resistance 1, negative energy
resistance 3, torment resistance, unbreathing
a: Curse Item, Scrying, Renounce Religion


Innate Abilities, Weirdness & Mutations

You do not eat or drink.
Your flesh is vulnerable to fire.
You are immune to poison.
Your flesh is cold resistant. (rC+)
You are immune to negative energy. (rN+++)
You are immune to unholy pain and torment.
You can survive without breathing.


   Skills:
 + Level 10.0 Fighting
 * Level 11.3 Axes
 - Level 2.4 Armour
 - Level 2.4 Shields


You had 8 spell levels left.
You knew the following spells:

 Your Spells              Type           Power        Failure   Level  Hunger
q - Apportation           Tloc           #.....       99%         1    N/A

Skill      XL: |  1  2  3  4  5  6  7  8  9 10 |
---------------+-------------------------------+-----
Axes           | 2 3 4 5 6 8 10 11 | 11.3
Fighting       | 4 5 6 7 8 10 | 10.0
Armour         | |  2.4
Shields        | |  2.4

Action                   |  1- 3 |  4- 6 |  7- 9 | 10-12 || total
-------------------------+-------+-------+-------+-------++-------
Melee: War axe           |   144 |   186 |   367 |    60 ||   757
       Broad axe         |       |       |       |   141 ||   141
Throw: Tomahawk          |       |       |       |     4 ||     4
Invok: Curse Item        |       |       |     2 |       ||     2
Evoke: Wand              |       |       |    12 |     5 ||    17
       Phial of floods   |       |       |       |     1 ||     1
  Use: Scroll            |       |     1 |    10 |     9 ||    20
Armor: Scale mail        |    68 |   101 |   149 |    80 ||   398
Dodge: Dodged            |    57 |    72 |    80 |    66 ||   275
Block: Shield            |    98 |   115 |   165 |   139 ||   517

Inventory:

Hand Weapons
 a - a +4 broad axe (weapon)
   (You took it off an orc warrior in a bailey)
Missiles
 m - 2 throwing nets
 o - 3 poisoned tomahawks
 s - 42 tomahawks of returning (quivered)
Armour
 b - a +0 scale mail {10}
 c - a cursed +1 shield (worn)
 h - a +3 scale mail of fire resistance (worn) {10}
   (You took it off Terence on level 3 of the Dungeon)
 l - a +0 chain mail
   (You found it on level 4 of the Dungeon)
 n - a +0 helmet (worn)
   (You found it on level 6 of the Dungeon)
 p - a cursed +0 plate armour {18}
   (You took it off an orc warrior on level 8 of the Dungeon)
Jewellery
 g - a cursed amulet of guardian spirit (around neck) {Spirit}
   (You found it on level 2 of the Dungeon)
 k - a ring of stealth (left hand) {Stlth+}
   (You took it off an orc on level 6 of the Dungeon)
Wands
 i - a wand of flame (11)
   (You found it on level 5 of the Dungeon)
Scrolls
 d - a scroll of enchant armour
 e - 2 scrolls of amnesia
 f - 5 scrolls of fog
 q - 2 scrolls of noise
 r - 8 scrolls of identify
 t - 5 scrolls of teleportation {!r}
 y - a scroll of magic mapping
Miscellaneous
 j - a phial of floods (inert)
   (You found it in a bailey)


You were on level 10 of the Dungeon.
You worshipped Ashenzari.
Ashenzari was aware of your devotion.
You were not hungry.

You visited 2 branches of the dungeon, and saw 11 of its levels.
You also visited: Ossuary and Bailey.

You collected 426 gold pieces.

Dungeon Overview and Level Annotations

Branches:
Dungeon (10/15)            Temple (1/1) D:6            Lair (0/6) D:8
    Orc: D:9-12

Altars:
Ashenzari
Cheibriados
Dithmenos
Elyvilon
Fedhas
Gozag
Hepliaklqana
Kikubaaqudgha
Makhleb
Nemelex Xobeh
Okawaru
Qazlal
Ru
Sif Muna
Trog
Uskayaw
Vehumet
Wu Jian
Xom
Yredelemnul
Zin
The Shining One

Shops:
D:7 (


Message History

An adder is nearby!
You hit the adder.
The adder bites you but does no damage. x2
You miss the adder. You block the adder's attack.
You closely miss the adder. You block the adder's attack.
The adder bites you but does no damage.
You slash the adder!
You kill the adder!
No target in view!
No target in view!
f - 5 scrolls of fog (gained 3)
You open the door.
There is an open door here.
Found a stone staircase leading down.
There is an open door here.
Key pressed, stopping explore.
Found a stone staircase leading up.
You now have 418 gold pieces (gained 24).
You open the door.
There is an open door here.
Key pressed, stopping explore.
There is an open door, spattered with blood here.
You open the door.
There is an open door here.
You now have 426 gold pieces (gained 8).
Key pressed, stopping explore.
Done exploring.
Done exploring.
Done exploring.
There is an open door here.
You see here a potion of curing.
There is a stone staircase leading down here.
You climb downwards.
A troll comes into view.
The troll shouts!
There is a stone staircase leading up here.
A centaur warrior skeleton comes into view.
Found an uncursed hand axe.
Found 13 gold pieces.
The troll bites you. You block the troll's attack. The troll claws you.
You take 5 damage, and have 80/85 hp.
You barely miss the troll. The troll bites you. The troll claws you!
The troll barely misses you.
You take 8 damage, and have 72/85 hp.
You slash the centaur warrior skeleton! You closely miss the troll.
The centaur warrior skeleton hits you but does no damage.
The troll bites you! The troll closely misses you.
The troll claws you but does no damage.
The centaur warrior skeleton hits you but does no damage.
You take 14 damage, and have 58/85 hp.
You now have 9/10 mp.
You slash the centaur warrior skeleton! You slash the troll!
The centaur warrior skeleton hits you but does no damage.
The troll barely misses you. The troll claws you. x2
You take 3 damage, and have 55/85 hp.
You now have 8/10 mp.
You slash the centaur warrior skeleton! You slash the troll!
The centaur warrior skeleton barely misses you.
The troll bites you but does no damage. The troll claws you but does no damage.
The troll claws you.
You take 2 damage, and have 53/85 hp.
You hit the centaur warrior skeleton. You closely miss the troll.
The centaur warrior skeleton closely misses you.
The troll bites you!
The troll claws you but does no damage. x2
The centaur warrior skeleton hits you but does no damage.
You take 7 damage, and have 46/85 hp.
You now have 7/10 mp.
You completely miss the centaur warrior skeleton.
You barely miss the troll.
The centaur warrior skeleton barely misses you.
The troll bites you! The troll claws you!
The troll claws you but does no damage.
You take 17 damage, and have 29/85 hp.
You now have 4/10 mp.
You are too injured to fight recklessly!
You are too injured to fight recklessly!
The centaur warrior skeleton barely misses you.
You hit the centaur warrior skeleton. The centaur warrior skeleton hits you.
* * * LOW HITPOINT WARNING * * *
You take 4 damage, and have 26/85 hp.
You now have 3/10 mp.
You slash the centaur warrior skeleton!
You block the centaur warrior skeleton's attack.
You slash the centaur warrior skeleton! The centaur warrior skeleton hits you.
* * * LOW HITPOINT WARNING * * *
The centaur warrior skeleton hits you but does no damage.
You take 1 damage, and have 25/85 hp.
You hit the centaur warrior skeleton.
The centaur warrior skeleton hits you but does no damage.
You slice the centaur warrior skeleton!!
You destroy the centaur warrior skeleton!
Your Fighting skill increases to level 10!
You hit the troll but do no damage. You block the troll's attack. x3
You slash the troll! The troll bites you!
* * * LOW MAGIC WARNING * * *;
* * * LOW HITPOINT WARNING * * *
You block the troll's attack. The troll barely misses you.
You take 7 damage, and have 19/85 hp.
You now have 2/10 mp.
You slash the troll! The troll bites you!
* * * LOW MAGIC WARNING * * *;
* * * LOW HITPOINT WARNING * * *
The troll closely misses you. The troll claws you!
* * * LOW MAGIC WARNING * * *;
* * * LOW HITPOINT WARNING * * *
You take 17 damage, and have 2/85 hp.
You now have 0/10 mp.
Aim: a troll (almost dead)
The puff of flame misses the troll.
You block the troll's attack. The troll claws you.
You die...

## .# .. ##.
.# ... .# ..#
.#####..#
##........
###<#####.#.#
#....#.T@$..#
#.#....##.#.#
#.#.....#.# #
#.......#
#.#.......#
#.#...#.###
#.#.#.#...
#.#.#.#..).
#.#.# .#.


You could see a troll.

Notes
Turn   | Place    | Note
-------+----------+-------------------------------------------
     0 | D:1      | theanonym the Mummy Fighter began the quest for the Orb.
     0 | D:1      | Reached XP level 1. HP: 18/18 MP: 1/1
   141 | D:1      | Reached skill level 2 in Axes
   143 | D:1      | HP: 7/18 [rat (3)]
   144 | D:1      | HP: 2/18 [rat (2)]
   436 | D:1      | Reached XP level 2. HP: 24/24 MP: 2/2
   702 | D:1      | Reached XP level 3. HP: 29/29 MP: 3/3
  1489 | D:2      | Reached skill level 3 in Axes
  1491 | D:2      | Reached XP level 4. HP: 29/37 MP: 4/4
  1492 | D:2      | HP: 18/37 [gnoll/halberd (11)]
  1528 | D:2      | HP: 17/37 [gnoll/club (4)]
  1528 | D:2      | HP: 3/37 [gnoll/halberd (14)]
  2306 | D:3      | Reached skill level 4 in Fighting
  2361 | D:3      | Noticed Terence
  2379 | D:3      | Killed Terence
  2379 | D:3      | Reached XP level 5. HP: 27/42 MP: 5/5
  2638 | D:3      | Reached skill level 4 in Axes
  2652 | D:3      | HP: 18/42 [orc wizard/magic dart (10)]
  2656 | D:3      | HP: 7/42 [orc wizard/magic dart (4)]
  2658 | D:3      | HP: 3/42 [orc wizard/magic dart (3)]
  3090 | D:3      | HP: 18/43 [gnoll/halberd of flaming (6)]
  3091 | D:3      | HP: 8/43 [gnoll/halberd of flaming (3)]
  3516 | D:3      | Found a shimmering altar of Xom.
  3521 | D:3      | Found a shimmering altar of Xom.
  3521 | D:3      | Found a shimmering altar of Xom.
  3527 | D:3      | Noticed Ijyb
  3869 | D:2      | Reached XP level 6. HP: 48/49 MP: 6/6
  4260 | D:4      | Noticed Sigmund
  4370 | D:3      | Killed Ijyb
  4370 | D:3      | Reached skill level 5 in Fighting
  4370 | D:3      | Reached skill level 5 in Axes
  4411 | D:4      | Reached XP level 7. HP: 31/56 MP: 7/7
  4836 | D:4      | HP: 25/56 [something (7)]
  4848 | D:4      | Killed Sigmund
  5182 | D:5      | Entered Level 5 of the Dungeon
  5299 | D:5      | Reached skill level 6 in Axes
  5783 | D:6      | HP: 27/57 [wight/hand axe of electrocution (14)]
  5786 | D:6      | HP: 12/57 [wight/hand axe of electrocution (11)]
  5787 | D:6      | Reached skill level 6 in Fighting
  5791 | D:6      | HP: 11/58 [bullfrog (2)]
  5795 | D:6      | Reached XP level 8. HP: 6/64 MP: 1/8
  5808 | D:6      | Found a sand-covered staircase.
  5808 | D:6      | HP: 6/64 [wight/battleaxe (3)]
  5814 | Ossuary  | Entered an ossuary
  5852 | Ossuary  | HP: 5/64 [mummy (10)]
  5877 | Ossuary  | HP: 7/64 [elf zombie (2)]
  5882 | Ossuary  | HP: 5/64 [elf zombie (1)]
  6279 | Ossuary  | Reached skill level 7 in Axes
  6599 | D:6      | Reached skill level 7 in Fighting
  6687 | D:6      | Reached skill level 8 in Axes
  6896 | D:6      | Found a staircase to the Ecumenical Temple.
  6902 | Temple   | Entered the Ecumenical Temple
  7076 | Temple   | Became a worshipper of Ashenzari the Shackled
  7417 | D:6      | Reached XP level 9. HP: 67/72 MP: 7/9
  7518 | D:6      | HP: 30/72 [orc warrior/mace of venom (14)]
  7918 | D:7      | Found Nashren's Weapon Shop.
  7934 | D:7      | Found a hazy altar of Hepliaklqana.
  8065 | D:7      | Noticed a two-headed ogre
  8184 | D:7      | Learned a level 1 spell: Apportation
  8434 | D:8      | HP: 36/74 [ice beast (3)]
  8435 | D:8      | Reached skill level 8 in Fighting
  8435 | D:8      | Reached skill level 9 in Axes
  8440 | D:8      | HP: 32/74 [ice beast (3)]
  8717 | D:8      | HP: 36/74 [porcupine's spines (13)]
  9470 | D:8      | Found a staircase to the Lair.
  9474 | D:8      | Reached skill level 10 in Axes
  9662 | D:8      | Reached XP level 10. HP: 78/82 MP: 8/10
  9830 | D:9      | Found a flagged portal.
  9836 | D:9      | Reached skill level 9 in Fighting
  9852 | D:9      | HP: 41/83 [yak (6)]
  9859 | D:9      | HP: 33/83 [hound (1)]
 10075 | Bailey   | Entered a bailey
 10247 | Bailey   | HP: 38/83 [orc warrior/broad axe (10)]
 10251 | Bailey   | HP: 15/83 [orc warrior/broad axe (10)]
 10350 | Bailey   | HP: 36/83 [hobgoblin/hand axe (2)]
 10715 | Bailey   | Reached * piety under Ashenzari
 10800 | D:9      | HP: 36/83 [yak (10)]
 11588 | D:9      | Noticed a two-headed ogre
 11593 | D:9      | HP: 36/84 [two-headed ogre/giant club (17)]
 11596 | D:9      | HP: 15/84 [two-headed ogre/giant club (22)]
 11598 | D:9      | Killed a two-headed ogre
 11598 | D:9      | Reached skill level 11 in Axes
 12102 | D:10     | Entered Level 10 of the Dungeon
 12111 | D:10     | HP: 36/85 [troll (10)]
 12116 | D:10     | HP: 25/85 [centaur warrior skeleton (1)]
 12118 | D:10     | Reached skill level 10 in Fighting
 12121 | D:10     | HP: 8/85 [troll (12)]
 12121 | D:10     | HP: 2/85 [troll (6)]
 12122 | D:10     | Slain by a troll

Vanquished Creatures
  A centaur skeleton (D:10)
  A hippogriff (D:9)
  Sigmund (D:4)
  2 wyverns (D:8)
  4 yaks
  A porcupine (D:8)
  8 orc warriors
  3 sky beasts
  2 black bears
  A hornet zombie (D:9)
  An ice beast (D:8)
  3 ogres
  5 centaurs
  2 elf zombies (Ossuary)
  5 bullfrogs
  A big kobold (D:9)
  2 scorpions
  9 wights
  4 howler monkeys
  7 crimson imps
  2 bullfrog zombies
  A quasit (D:7)
  4 hounds
  A human zombie (Ossuary)
  3 orc priests
  A jelly (D:8)
  A bullfrog skeleton (D:8)
  2 orc wizards (D:3)
  Ijyb (D:3)
  A gnoll shaman (D:8)
  Terence (D:3)
  An iguana (D:5)
  4 worker ants
  A big kobold zombie (Ossuary)
  A hound zombie (D:9)
  A hound skeleton (D:7)
  4 mummies (Ossuary)
  A worker ant zombie (D:6)
  19 gnolls
  8 adders
  A howler monkey skeleton (D:7)
  A shadow imp (D:5)
  An ooze (D:1)
  An adder skeleton (D:9)
  An adder zombie (Ossuary)
  3 worms (D:2)
  3 dart slugs (D:1)
  A leopard gecko (D:2)
  20 orcs
  10 bats
  3 giant cockroaches
  11 hobgoblins
  15 jackals
  21 kobolds
  2 quokkas
  A ball python (D:1)
  6 frilled lizards
  12 goblins
  A hobgoblin zombie (Ossuary)
  A jackal skeleton (D:8)
  2 kobold zombies (Ossuary)
  11 rats
  3 rat zombies (Ossuary)
252 creatures vanquished.

Vanquished Creatures (collateral kills)
  A two-headed ogre (D:9)
1 creature vanquished.

Vanquished Creatures (others)
  A kobold zombie (Ossuary)
1 creature vanquished.

Grand Total: 254 creatures vanquished

Table legend:
 A = Turns spent in this place as a percentage of turns spent in the entire game.
 B = Non-inter-level travel turns spent in this place as a percentage of non-inter-level travel turns spent in the entire game.
 C = Inter-level travel turns spent in this place as a percentage of turns spent in this place.
 D = Turns resting spent in this place as a percentage of non-inter-level travel turns spent in this place.
 E = Turns spent auto-exploring this place as a percentage of non-inter-level travel turns spent in this place.
 F = Non-inter-level travel turns spent in this place divided by the number of levels of this place that you've seen.
                   A       B       C       D       E      F
               +-------+-------+-------+-------+-------+----------------------
         Total | 100.0 | 100.0 |   4.8 |  43.5 |  36.4 | 887.8
       Dungeon |  88.2 |  88.1 |   4.9 |  43.3 |  37.9 | 1017.1
        Temple |   1.7 |   1.3 |  28.2 |   0.0 |  98.0 | 150.0
       Ossuary |   4.3 |   4.5 |   0.0 |  59.8 |  16.6 | 517.0
        Bailey |   5.8 |   6.1 |   0.0 |  44.3 |  16.5 | 704.0
               +-------+-------+-------+-------+-------+----------------------
